 Dungeon Crawl Stone Soup version 0.20.1-1-g8b1a95d (webtiles) character file.

247 Thjof the Charlatan (level 5, 32/38 HPs)
             Began as a Demonspawn Artificer on Oct 30, 2017.
             Quit the game on level 3 of the Dungeon.
             The game lasted 00:35:11 (2212 turns).

Thjof the Charlatan (Demonspawn Artificer)          Turns: 2212, Time: 00:35:12

Health: 32/38      AC:  4    Str: 13    XL:     5   Next: 85%
Magic:  8/8        EV: 13    Int: 13    God:
Gold:   169        SH:  6    Dex: 13    Spells: 4/4 levels left

rFire    . . .     SeeInvis .   q - -1 falchion (curse)
rCold    . . .     Gourm    .   (no shield)
rNeg     . . .     Faith    .   y - +0 robe (curse)
rPois    .         Spirit   .   k - +1 helmet (curse)
rElec    .         Reflect  .   (no cloak)
rCorr    .         Harm     .   (no gloves)
MR       .....                  (no boots)
Stlth    ++........             (no amulet)
Regen    0.2/turn               (no ring)
MPRegen  0.2/turn               (no ring)

@: no status effects
A: hooves 1, large bone plates 2, demonic guardian 1
a: no special abilities


You were on level 3 of the Dungeon.
You were not hungry.

You visited 1 branch of the dungeon, and saw 3 of its levels.

You collected 169 gold pieces.

Inventory:

Hand Weapons
 a - a +0 short sword
 b - a +0 hunting sling
 i - a +0 long sword
 l - a +0 lajatang
 q - a cursed -1 falchion (weapon)
 v - a +0 halberd
 w - a +0 halberd
 I - a +0 club
 J - a +0 dagger
 L - a +0 flail
 N - a +0 dagger
 O - a +0 club
 P - a +0 spear
 Q - a +0 club
Missiles
 j - 14 stones (quivered)
 m - 45 bolts
 r - 32 poisoned needles
 s - 40 sling bullets
 E - 13 arrows
Armour
 k - a cursed +1 helmet (worn)
 n - a +2 helmet
 t - a +0 chain mail
 y - a cursed +0 robe (worn)
 z - a +0 chain mail
 A - a +0 troll leather armour
 G - a +0 chain mail
 K - a +0 ring mail
 R - a +0 plate armour
 U - a +0 leather armour
Jewellery
 D - a cursed -2 ring of dexterity {unknown}
Wands
 c - a wand of flame (13/48)
 d - a wand of enslavement (11/24)
 e - a wand of random effects (1/48)
 o - a wand of polymorph (4/24)
Scrolls
 u - 2 scrolls of identify
Potions
 g - 2 potions of lignification
 h - a potion of mutation {unknown}
 x - a potion of agility {unknown}
 C - a potion of might {unknown}
 F - 2 potions of magic
 H - a potion of berserk rage {unknown}
 M - 2 potions of heal wounds {unknown}
 V - 2 potions of curing
Comestibles
 f - 3 bread rations
 p - 3 meat rations
 B - 12 chunks of flesh


   Skills:
 + Level 2.2 Fighting
 + Level 2.9 Short Blades
 * Level 1.2 Armour
 + Level 2.4 Dodging
 * Level 2.0 Stealth
 + Level 4.2 Evocations


You had 4 spell levels left.
You didn't know any spells.

Dungeon Overview and Level Annotations

Branches:
Dungeon (3/15)

Altars:
The Shining One


Innate Abilities, Weirdness & Mutations

You have large cloven feet.
You are mostly covered in large bone plates. (SH +6)
A weak demonic guardian rushes to your aid.


Message History

A rat comes into view.
A ball python comes into view.
The ball python moves out of view.
The ball python hisses angrily.
You hit the rat.
You kill the rat!
You slash the ball python!
You kill the ball python!
You see here a ball python corpse.
You butcher the ball python corpse.
B - 18 chunks of flesh (gained 1)
A bat comes into view.
Some of the chunks of flesh in your inventory have rotted away.
You see here a rat corpse.
You butcher the rat corpse.
You see here a chunk of flesh.
B - 12 chunks of flesh (gained 1)
You see here a troll leather armour.
A - a troll leather armour Are you sure you want to abandon this character and quit the game? (Confirm with "yes".)

#.........# #### .#
......... ...# .#
##.......## .. #..
.###.........#
....##.##.............#
#....@....#...>.....#
....###..##.#.........# .
#..##...........##
#..#####.>........ ..
####...§.............
...###....§§#########.###.
.........#§## #.# ##
............# #.# #
..........#.#########.# #


There were no monsters in sight!

Vanquished Creatures
  A bullfrog (D:3)
  Terence (D:3)
  Natasha (twice) (D:3)
  An adder (D:2)
  2 oozes
  2 dart slugs (D:1)
  A worm (D:2)
  A leopard gecko (D:3)
  An orc (D:3)
  3 ball pythons
  7 goblins
  7 hobgoblins
  4 jackals (D:2)
  A quokka (D:2)
  8 bats
  3 frilled lizards
  6 kobolds
  7 rats
58 creatures vanquished.

Vanquished Creatures (collateral kills)
  Natasha (D:3)
  2 gnolls (D:3)
  A bat (D:3)
  A goblin (D:2)
  2 hobgoblins (D:3)
7 creatures vanquished.

Vanquished Creatures (others)
  A gnoll (D:3)
1 creature vanquished.

Grand Total: 66 creatures vanquished

Notes
Turn   | Place    | Note
-------+----------+-------------------------------------------
     0 | D:1      | Thjof the Demonspawn Artificer began the quest for the Orb.
     0 | D:1      | Reached XP level 1. HP: 15/15 MP: 3/3
   303 | D:1      | Reached skill level 1 in Short Blades
   303 | D:1      | Gained mutation: You are partially covered in large bone plates. (SH +4) [demonic ancestry]
   303 | D:1      | Reached XP level 2. HP: 21/21 MP: 4/4
   697 | D:1      | Found a glowing golden altar of the Shining One.
   890 | D:2      | Gained mutation: You are mostly covered in large bone plates. (SH +6) [demonic ancestry]
   890 | D:2      | Reached XP level 3. HP: 26/26 MP: 5/5
   911 | D:2      | Reached skill level 1 in Stealth
  1782 | D:2      | Gained mutation: You have large cloven feet. [demonic ancestry]
  1782 | D:2      | Reached XP level 4. HP: 25/32 MP: 6/6
  1876 | D:3      | Noticed Natasha
  1890 | D:3      | Killed Natasha
  1890 | D:3      | Reached skill level 4 in Evocations
  1929 | D:3      | Noticed Terence
  1947 | D:3      | Killed Terence
  1955 | D:3      | Noticed Natasha
  1966 | D:3      | Killed Natasha
  1966 | D:3      | Gained mutation: A weak demonic guardian rushes to your aid. [demonic ancestry]
  1966 | D:3      | Reached XP level 5. HP: 14/37 MP: 8/8
  2112 | D:3      | Noticed Natasha
  2123 | D:3      | Killed Natasha
  2123 | D:3      | Reached skill level 1 in Armour
  2212 | D:3      | Quit the game

Skill      XL: |  1  2  3  4  5 |
---------------+----------------+-----
Short Blades   | 1 2 |  2.9
Stealth        | 1 2 |  2.0
Dodging        | 2 |  2.4
Evocations     | 4 |  4.2
Armour         | 1 |  1.2
Fighting       | 2 |  2.2

Action                   |  1- 3 |  4- 6 || total
-------------------------+-------+-------++-------
Melee: Short sword       |   152 |    36 ||   188
       Unarmed           |       |     4 ||     4
       Kick              |       |    10 ||    10
       Falchion          |       |     2 ||     2
 Fire: Hunting sling     |     6 |       ||     6
Throw: Stone             |    10 |     1 ||    11
Evoke: Wand              |    24 |    16 ||    40
  Use: Scroll            |     9 |     1 ||    10
       Potion            |       |     1 ||     1
 Stab: Paralysed         |     2 |       ||     2
       Sleeping          |     1 |     2 ||     3
  Eat: Chunk             |     3 |     1 ||     4
Armor: Leather armour    |    21 |       ||    21
       Robe              |    12 |     4 ||    16
Dodge: Dodged            |    91 |    19 ||   110
Block: Other             |    23 |     6 ||    29
